 Dungeon Crawl Stone Soup version 0.30-a0-782-ge64f9170bb (webtiles) character file.

Game seed: 12673536323516371574

159 xian the Conjurer (level 5, -2/28 HPs)
             Began as a Tengu Conjurer on Feb 18, 2023.
             Slain by Grinder (4 damage)
             ... on level 3 of the Dungeon.
             The game lasted 00:04:30 (2072 turns).

xian the Conjurer (Tengu Conjurer)                  Turns: 2072, Time: 00:04:31

Health: -2/28      AC:  3    Str:  7    XL:     5   Next: 40%
Magic:  1/9        EV: 14    Int: 21    God:
Gold:   202        SH:  0    Dex: 12    Spells: 1/8 levels left

rFire   . . .      SeeInvis .    h - +1 spear (venom)
rCold   . . .      Faith    .    (no shield)
rNeg    . . .      Spirit   .    d - +0 leather armour
rPois   .          Reflect  .    (helmet restricted)
rElec   .          Harm     .    (no cloak)
rCorr   .          Rampage  .    (no gloves)
Will    .....                    (boots unavailable)
Stlth   ++                       (no amulet)
HPRegen 0.24/turn                (no ring)
MPRegen 0.11/turn                (no ring)

@: flying quickly and evasively, quick
A: beak, talons 3, nimble flight
a: no special abilities


You were on level 3 of the Dungeon.
You visited 1 branch of the dungeon, and saw 3 of its levels.

You collected 202 gold pieces.

Inventory:

Hand Weapons
 h - a +1 spear of venom (weapon)
Missiles
 i - 11 curare-tipped darts
Armour
 a - a +0 robe
 d - a +0 leather armour (worn)
Magical Staves
 e - a staff of earth
Scrolls
 c - a scroll of identify {unknown}
 g - a scroll of fear {unknown}
 k - 2 scrolls of acquirement {unknown}
 l - a scroll of teleportation {unknown}
 n - 2 scrolls of amnesia {unknown}
 o - a scroll of torment {unknown}
 p - a scroll of fog {unknown}
 q - 2 scrolls of enchant armour {unknown}
 r - 2 scrolls of blinking {unknown}
Potions
 b - a potion of magic
 f - 4 potions of curing {unknown}
 j - a potion of might {unknown}
 m - a potion of flight {unknown}
 s - a potion of haste
 t - a potion of cancellation {unknown}


   Skills:
 + Level 0.2 Fighting
 + Level 0.7 Polearms
 + Level 0.6 Armour
 + Level 2.7 Dodging
 + Level 2.3 Stealth
 + Level 2.4 Spellcasting
 + Level 7.6 Conjurations


You had one spell level left.
You knew the following spells:

 Your Spells              Type           Power      Damage    Failure   Level
a - Magic Dart            Conj           100%       1d8       1%          1
b - Searing Ray           Conj           68%        2d6       1%          2
c - Iskenderun's Mystic   Conj/Tloc      18%        2d6       41%         4

Your spell library contained the following spells:

 Spells                   Type           Power      Damage    Failure   Level
 Dazzling Flash           Conj/Hex       36%        N/A       13%         3
 Ensorcelled Hibernation  Hex/Ice        4%         N/A       30%         2
 Passwall                 Tmut/Erth      1%         N/A       30%         2
 Fulminant Prism          Conj/Hex       9%         3d7       41%         4
 Gell's Gravitas          Tloc           2%         N/A       52%         3
 Swiftness                Air            2%         N/A       52%         3
 Teleport Other           Tloc           2%         N/A       52%         3
 Dispersal                Tloc           1%         N/A       100%        6


Dungeon Overview and Level Annotations

Branches:
Dungeon (3/15)

Altars:
Dithmenos
Kikubaaqudgha
Wu Jian

Annotations:
D:3 Grinder


Innate Abilities, Weirdness & Mutations

You have a beak for a mouth.
You have claws for feet.
Your magical nature lets you fly swiftly and evasively.


Message History

Grinder comes into view.
Grinder shouts!
Casting: Magic Dart (safe; 1% risk of failure)
Confirm with . or Enter, or press ? or * to list all spells.
Aiming: Searing Ray (safe; 1% risk of failure)
Press: ? - help, Shift-Dir - straight line, f - Grinder
Aim: Grinder (78% to hit)
The searing ray hits Grinder.
Grinder is lightly wounded. (Press . to maintain the ray.) Unknown command.
The searing ray hits Grinder!
Grinder is moderately wounded.
The searing ray hits Grinder!
Grinder is heavily wounded.
Grinder hits you.
The searing ray hits Grinder!
Grinder is severely wounded.
You finish channelling your searing ray.
Grinder hits you.
You writhe in agony.
Grinder closely misses you.
Casting: Searing Ray (safe; 1% risk of failure)
Confirm with . or Enter, or press ? or * to list all spells.
Aiming: Searing Ray (safe; 1% risk of failure)
Press: ? - help, Shift-Dir - straight line, f/p - Grinder
Aim: Grinder (severely wounded, 78% to hit)
The searing ray hits Grinder.
Grinder is almost dead. (Press . to maintain the ray.) Grinder hits you.
You writhe in agony.
The searing ray misses Grinder.
Grinder hits you.
* * * LOW HITPOINT WARNING * * *
You writhe in agony.
* * * LOW HITPOINT WARNING * * *
The searing ray hits Grinder.
Grinder is almost dead.
Grinder barely misses you.
Without enough magic to sustain it, your searing ray dissipates.
Grinder hits you.
You die...

...##.###..####.........
...##.#......##.........
...##.#....#...........
....#......###.........
..#.#.#...####....#####
..#.#..............##
..#.#.#...########..#
#.#.#.#... #####†##.##.#
#.#.# #### #.@5........#
#.#.# #.###.#..####
#.#.# #. #....... #.# #.
##...###. #+#.# #. ...#
....# .. ...5. ....# ..
...#.# .... .. .###.#
...


You could see Grinder.

Vanquished Creatures
  Natasha (thrice) (D:2)
  3 adders (D:2)
  3 dart slugs
  An orc (D:3)
  6 ball pythons
  3 bats
  3 endoplasms
  A giant cockroach (D:3)
  4 hobgoblins
  3 jackals (D:1)
  4 kobolds
  2 quokkas (D:1)
  4 frilled lizards
  7 goblins
  5 rats
52 creatures vanquished.

Notes
Turn   | Place    | Note
-------+----------+-------------------------------------------
     0 | D:1      | xian the Tengu Conjurer began the quest for the Orb.
     0 | D:1      | Reached XP level 1. HP: 10/10 MP: 4/4
   110 | D:1      | Reached XP level 2. HP: 15/15 MP: 3/6
   113 | D:1      | Learned a level 2 spell: Searing Ray
   217 | D:1      | Reached skill level 6 in Conjurations
   291 | D:1      | Reached XP level 3. HP: 13/19 MP: 1/7
   292 | D:1      | Found a faded altar of an unknown god.
   733 | D:2      | Noticed Natasha
   738 | D:2      | Killed Natasha
   739 | D:2      | Reached XP level 4. HP: 19/24 MP: 5/8
   984 | D:2      | Reached skill level 7 in Conjurations
  1027 | D:2      | Noticed Natasha
  1041 | D:2      | Killed Natasha
  1042 | D:2      | Gained mutation: Your magical nature lets you fly swiftly
                  | and evasively. [Tengu growth]
  1042 | D:2      | Reached XP level 5. HP: 10/28 MP: 0/9
  1189 | D:2      | Learned a level 4 spell: Iskenderun's Mystic Blast
  1220 | D:2      | Noticed Natasha
  1227 | D:2      | Killed Natasha
  1480 | D:2      | Found an ancient bone altar of Kikubaaqudgha.
  1829 | D:3      | Found an ornate altar of the Wu Jian Council.
  1829 | D:3      | Found a shadowy altar of Dithmenos.
  2056 | D:3      | Noticed Grinder
  2072 | D:3      | Slain by Grinder

Illustrated notes

Levels and vault maps discovered:
D:1:      heliophobic_arrival_battle_scene, layout_basic,
          ebering_ecumenical_altar_mist
D:2:      layout_loops_ring, basic_altar, minmay_fractal_squares_5, uniq_natasha
D:3:      layout_basic, grunt_gozag_statues,
          mainiacjoe_overflow_concentric_impassable, jmf_multi_god_temple,
          st_stairs_3, uniq_grinder

Skill      XL: |  1  2  3  4 |
---------------+-------------+-----
Conjurations   | 6 7 |  7.6
Fighting       | |  0.2
Polearms       | |  0.7
Armour         | |  0.6
Dodging        | |  2.7
Stealth        | |  2.3
Spellcasting   | |  2.4

Action                     |  1- 3 |  4- 6 || total
---------------------------+-------+-------++-------
  Melee: Spear             |    11 |     5 ||    16
         Kick              |     3 |     2 ||     5
         Peck              |     1 |     1 ||     2
         Punch             |       |     1 ||     1
   Cast: Magic Dart        |    34 |    38 ||    72
         Searing Ray       |     1 |     7 ||     8
 Armour: Leather armour    |       |     4 ||     4
  Dodge: Dodged            |    11 |    10 ||    21

Table legend: (Time is in decaauts)
 A = Elapsed time spent in this place.
 B = Non-inter-level travel time spent in this place.
 C = Inter-level travel time spent in this place.
 D = Time resting spent in this place.
 E = Time spent auto-exploring this place.
 F = Levels seen in this place.
 G = Mean time per level.
                   A        B        C        D        E       F      G
               +--------+--------+--------+--------+--------+-----+--------+
         Total |   2036 |   1983 |     53 |      0 |   1631 |   3 |  678.7 |
       Dungeon |   2036 |   1983 |     53 |      0 |   1631 |   3 |  678.7 |
               +--------+--------+--------+--------+--------+-----+--------+

Top non-repeatable levels by time:
     D:2: 1049 daAuts
     D:1: 732 daAuts
     D:3: 254 daAuts
